 Dungeon Crawl Stone Soup version 0.24-a0-361-g5716139 (webtiles) character file.

Game seed: 12597903313459074700

22502 wirefist the Thrower (level 12, -1/119 HPs)
             Began as a Troll Hunter on May 27, 2019.
             Was the Champion of Okawaru.
             Slain by a centaur warrior (12 damage)
             ... on level 13 of the Dungeon.
             The game lasted 00:40:07 (11956 turns).

wirefist the Thrower (Troll Hunter)                Turns: 11956, Time: 00:40:07

Health: -1/119     AC: -2    Str: 27    XL:     12   Next: 63%
Magic:  11/11      EV: 13    Int:  7    God:    Okawaru [******]
Gold:   505        SH:  0    Dex: 12    Spells: 11/11 levels left

rFire    . . .     SeeInvis +   t - +5 quarterstaff (chaos)
rCold    . . .     Gourm    +   (shield currently unavailable)
rNeg     . . .     Faith    .   J - +3 troll leather armour {Snorg}
rPois    .         Spirit   .   (helmet restricted)
rElec    .         Reflect  .   r - +2 cloak
rCorr    .         Harm     .   (gloves unavailable)
MR       .....                  (boots unavailable)
Stlth    ++........             l - amulet of the acrobat
HPRegen  1.09/turn              s - +2 ring of dexterity
MPRegen  0.12/turn              L - ring of see invisible

@: corroded, studying Hexes
A: large, unfitting armour, claws 3, fast metabolism 3, gourmand, regeneration
1, shaggy fur 1, tough skin 3
a: Heroism, Finesse, Renounce Religion


You were on level 13 of the Dungeon.
You worshipped Okawaru.
Okawaru was exalted by your worship.
You were very full.

You visited 2 branches of the dungeon, and saw 14 of its levels.

You collected 505 gold pieces.

Inventory:

Hand Weapons
 h - a +0 whip
 t - a +5 quarterstaff of chaos (weapon)
 y - a cursed +0 giant club
 z - a +0 giant spiked club
Missiles
 c - 18 large rocks (quivered)
 d - a throwing net
 i - 20 poisoned darts
 m - 7 curare-tipped darts
 u - 7 atropa-tipped darts
 P - 9 silver javelins
 Q - 13 datura-tipped darts
 Z - 6 silver boomerangs
Armour
 b - a +0 robe
 r - a +2 cloak (worn)
 I - a +2 troll leather armour
 J - a +3 troll leather armour (worn) {Snorg}
Jewellery
 l - an amulet of the acrobat (around neck)
 s - a +2 ring of dexterity (left claw)
 L - a ring of see invisible (right claw)
 V - the ring of Let Beof {rF+ Str-2 Int+3 Stlth+, unknown}
   (You found it on level 7 of the Dungeon)

   [ring of protection from fire]

   It affects your strength (-2).
   It affects your intelligence (+3).
   It protects you from fire.
   It makes you more stealthy.
Wands
 j - a wand of flame (12)
 k - a wand of random effects (44)
 F - a wand of scattershot (6)
 K - a wand of polymorph (12)
 M - a wand of disintegration (8)
 U - a wand of iceblast (9)
Scrolls
 a - 4 scrolls of teleportation
 e - a scroll of immolation {unknown}
 o - 10 scrolls of identify
 w - a scroll of torment {unknown}
 A - a scroll of enchant weapon
 B - 3 scrolls of remove curse
 C - a scroll of fear {unknown}
 D - a scroll of summoning {unknown}
 E - 2 scrolls of blinking
 G - 3 scrolls of amnesia {unknown}
 H - 3 scrolls of fog {unknown}
 O - a scroll of magic mapping {unknown}
Potions
 g - a potion of curing
 n - 3 potions of agility
 p - 4 potions of might
 q - 2 potions of brilliance
 v - 6 potions of flight
 x - a potion of heal wounds
 N - a potion of haste {unknown}
 R - a potion of magic {unknown}
 S - a potion of cancellation {unknown}
 T - a potion of lignification {unknown}
Books
 W - a manual of Hexes
Miscellaneous
 X - a phantom mirror
Comestibles
 f - 32 rations
 Y - 6 chunks of flesh


   Skills:
 + Level 7.9 Fighting
 + Level 8.4 Maces & Flails
 * Level 12.2 Throwing
 + Level 7.9 Dodging
 - Level 4.1 Stealth


You had 11 spell levels left.
You didn't know any spells.
Your spell library contained the following spells:

 Spells                   Type           Power        Failure   Level  Hunger
 Beastly Appendage        Tmut           #.....       45%         1    ##.....
 Flame Tongue             Conj/Fire      #....        45%         1    ##.....
 Sticks to Snakes         Tmut           #.......     61%         2    ###....
 Throw Flame              Conj/Fire      #.....       61%         2    ###....
 Conjure Flame            Conj/Fire      #.......     83%         3    ####...
 Inner Flame              Hex/Fire       #.......     83%         3    ####...
 Spider Form              Tmut/Pois      #.........   83%         3    ####...
 Ice Form                 Ice/Tmut       #.......     99%         4    #####..
 Sticky Flame             Conj/Fire      #.......     99%         4    #####..
 Blade Hands              Tmut           #.........   100%        5    ######.
 Fireball                 Conj/Fire      #.........   100%        5    ######.


Dungeon Overview and Level Annotations

Branches:
Dungeon (13/15)            Temple (1/1) D:6            Lair (0/6) D:11
    Orc (0/2) D:10
 Vaults: D:13-14

Altars:
Ashenzari
Cheibriados
Dithmenos
Elyvilon
Fedhas
Gozag
Hepliaklqana
Kikubaaqudgha
Makhleb
Nemelex Xobeh
Okawaru
Qazlal
Ru
Sif Muna
Trog
Uskayaw
Vehumet
Wu Jian
Xom
Yredelemnul
Zin
The Shining One

Shops:
D:9 (   D:11 [

Annotations:
D:10 2 transporters
D:12 2 transporters, Tonbert's ghost, journeyman MiBe


Innate Abilities, Weirdness & Mutations

You are too large for most types of armour.
You have claws for hands.
Your metabolism is lightning-fast.
You like to eat raw meat.
Your natural rate of healing is unusually fast.
You are covered in fur. (AC +1)
You have extremely tough skin. (AC +3)


Message History

The centaur warrior unwields a +0 longbow.
The centaur warrior misses you.
You hit the centaur warrior but do no damage.
Lightning courses through the centaur warrior!!
The centaur warrior is moderately wounded.
The centaur warrior hits you! x2
* * * LOW HITPOINT WARNING * * *
You hit the centaur warrior. You freeze the centaur warrior.
The centaur warrior is heavily wounded.
The centaur warrior completely misses you.
The centaur warrior hits you!
* * * LOW HITPOINT WARNING * * *
You completely miss the centaur warrior.
The centaur warrior is heavily wounded.
The centaur warrior hits you!
* * * LOW HITPOINT WARNING * * *
You hit the centaur warrior. You freeze the centaur warrior.
The centaur warrior is severely wounded.
The centaur warrior hits you!
You die...

#.# # #####.#
.#
##.....###.# #
#..$....#.#
### ##
#..####.(###..
....##.
###.#.# ###.##
##.# # ##(## #
#..@# #
#...c$# #
#....O... #
#......#.#
#.#...##.#
#.###.# . #.
#.# . #.# .#


You could see a centaur warrior and an ogre.

Vanquished Creatures
  Snorg (D:10)
  Josephine (D:11)
  2 hydras
  A centaur warrior (D:13)
  Erolcha (D:10)
  3 two-headed ogres
  Erica (D:9)
  Sonja (D:10)
  2 unseen horrors
  2 deep elf magi (D:7)
  2 cyclopes
  A manticore (D:13)
  2 ugly things (D:7)
  3 centaur skeletons
  4 trolls
  A hornet (D:12)
  2 dream sheep (D:8)
  A shadow (D:11)
  8 yaks
  2 wyverns
  4 wraiths
  Grum (D:11)
  A vampire mosquito (D:7)
  Menkaure (D:7)
  2 soldier ants
  A swamp drake (D:6)
  4 orc warriors
  5 ice beasts
  A black bear (D:9)
  2 eyes of draining
  5 sky beasts
  5 ogres
  5 phantoms
  3 wolves
  3 centaurs
  4 big kobolds (D:8)
  10 bullfrogs
  A water moccasin zombie (D:5)
  3 scorpions
  4 wights
  4 howler monkeys
  3 crimson imps
  3 bullfrog zombies
  A quasit (D:6)
  A centaur zombie (D:12)
  9 jellies
  8 orc priests
  8 hounds
  Crazy Yiuf (D:3)
  Natasha (thrice) (D:2)
  4 bullfrog skeletons
  11 orc wizards
  Terence (D:2)
  6 iguanas
  13 worker ants
  A killer bee zombie (D:7)
  A hound zombie (D:9)
  A worker ant zombie (D:5)
  12 adders
  2 shadow imps
  A worm (D:3)
  A dart slug (D:2)
  6 leopard geckos
  53 orcs
  2 bats (D:2)
  5 giant cockroaches
  12 goblins
  10 hobgoblins
  18 jackals
  6 quokkas
  3 ball pythons
  A frilled lizard (D:1)
  14 kobolds
  2 leopard gecko zombies
  A quokka skeleton (D:7)
  A quokka zombie (D:6)
  6 rats
341 creatures vanquished.

Vanquished Creatures (collateral kills)
  An adder (D:11)
1 creature vanquished.

Grand Total: 342 creatures vanquished

Notes
Turn   | Place    | Note
-------+----------+-------------------------------------------
     0 | D:1      | wirefist the Troll Hunter began the quest for the Orb.
     0 | D:1      | Reached XP level 1. HP: 19/19 MP: 0/0
   170 | D:1      | Reached XP level 2. HP: 28/28 MP: 1/1
   656 | D:2      | Reached XP level 3. HP: 35/35 MP: 2/2
   728 | D:2      | Noticed Natasha
   737 | D:2      | Killed Natasha
   737 | D:2      | Reached skill level 1 in Stealth
   826 | D:2      | Reached skill level 4 in Throwing
   826 | D:2      | Reached XP level 4. HP: 41/42 MP: 3/3
   893 | D:2      | Noticed Terence
   910 | D:2      | Killed Terence
   910 | D:2      | Reached skill level 1 in Maces & Flails
  1036 | D:2      | Found a glowing silver altar of Zin.
  1039 | D:2      | Noticed Natasha
  1068 | D:2      | Killed Natasha
  1160 | D:2      | Reached XP level 5. HP: 50/50 MP: 4/4
  1435 | D:2      | Noticed Natasha
  1443 | D:2      | Killed Natasha
  1748 | D:3      | Found a glowing golden altar of the Shining One.
  2241 | D:3      | Found a runed translucent door.
  2242 | D:3      | Noticed Crazy Yiuf
  2308 | D:3      | Killed Crazy Yiuf
  2486 | D:4      | Found a radiant altar of Vehumet.
  2495 | D:4      | Reached XP level 6. HP: 59/59 MP: 5/5
  2768 | D:4      | Reached skill level 5 in Throwing
  3239 | D:4      | Found a sparkling altar of Nemelex Xobeh.
  3240 | D:4      | Found an opulent altar of Gozag.
  3338 | D:5      | Entered Level 5 of the Dungeon
  3351 | D:5      | Reached XP level 7. HP: 67/67 MP: 6/6
  4173 | D:6      | Reached XP level 8. HP: 63/75 MP: 7/7
  4209 | D:6      | You fall into a shaft and drop 2 floors!
  4277 | D:8      | Reached skill level 6 in Throwing
  4329 | D:7      | Found an opulent altar of Gozag.
  4550 | D:6      | Found a staircase to the Ecumenical Temple.
  4559 | Temple   | Entered the Ecumenical Temple
  5119 | D:7      | Noticed a cyclops
  5119 | D:7      | Noticed a purple ugly thing
  5119 | D:7      | Noticed a deep elf mage
  5131 | D:7      | Found a runed translucent door.
  5169 | D:7      | Reached skill level 7 in Throwing
  5241 | D:7      | Reached XP level 9. HP: 81/84 MP: 8/8
  5340 | D:7      | Found a runed translucent door.
  5340 | D:7      | Found a runed translucent door.
  5340 | D:7      | Noticed a troll
  5886 | D:7      | Found an iron altar of Okawaru.
  5903 | D:7      | Became a worshipper of Warmaster Okawaru
  6709 | D:8      | Reached * piety under Okawaru
  6712 | D:8      | Reached skill level 8 in Throwing
  6729 | D:8      | Reached skill level 5 in Maces & Flails
  6738 | D:8      | Reached skill level 5 in Fighting
  6738 | D:8      | Reached skill level 5 in Dodging
  6790 | D:8      | Noticed a three-headed hydra
  6831 | D:8      | Killed a three-headed hydra
  6831 | D:8      | Reached ** piety under Okawaru
  6831 | D:8      | Reached XP level 10. HP: 28/96 MP: 9/9
  7113 | D:9      | You fall into a shaft and drop 1 floor!
  7113 | D:10     | Entered Level 10 of the Dungeon
  7126 | D:10     | Reached *** piety under Okawaru
  7192 | D:10     | Reached skill level 9 in Throwing
  7271 | D:10     | Found a staircase to the Orcish Mines.
  7304 | D:10     | Identified the +6 spear "Irifegy" {elec, rC- rN+ Dex+2}
  7447 | D:10     | Noticed Sonja
  7452 | D:10     | Killed Sonja
  7488 | D:10     | Reached **** piety under Okawaru
  7692 | D:9      | Found Jigruatto's Weapon Shop.
  7948 | D:9      | Noticed a two-headed ogre
  7956 | D:9      | Killed a two-headed ogre
  7956 | D:9      | Received a gift from Okawaru
  8022 | D:10     | Noticed Snorg
  8035 | D:10     | Killed Snorg
  8035 | D:10     | Reached XP level 11. HP: 81/105 MP: 10/10
  8074 | D:10     | Found a transporter.
  8077 | D:10     | Noticed a deep elf knight
  8126 | D:10     | Reached skill level 10 in Throwing
  8131 | D:10     | Received a gift from Okawaru
  8187 | D:10     | Noticed an orc high priest
  8196 | D:10     | Found a transporter.
  8209 | D:10     | Killed an unseen horror
  8209 | D:10     | Received a gift from Okawaru
  8220 | D:10     | Noticed an orc high priest
  8408 | D:10     | Noticed Erolcha
  8424 | D:10     | Killed Erolcha
  8707 | D:11     | Noticed Grum
  8744 | D:11     | Noticed Josephine
  8970 | D:11     | Noticed a two-headed ogre
  8981 | D:11     | Killed a two-headed ogre
  8981 | D:11     | Reached ***** piety under Okawaru
  8993 | D:11     | Killed Grum
  9130 | D:11     | Killed an unseen horror
  9234 | D:11     | Found Vatecez's Antique Armour Emporium.
  9264 | D:11     | Found a staircase to the Lair.
  9554 | D:11     | Killed Josephine
  9554 | D:11     | Received a gift from Okawaru
  9554 | D:11     | Reached skill level 11 in Throwing
  9566 | D:11     | Received a gift from Okawaru
  9675 | D:12     | Found a transporter.
  9728 | D:12     | Noticed a two-headed ogre
  9749 | D:12     | Killed a two-headed ogre
  9899 | D:12     | Reached XP level 12. HP: 52/118 MP: 11/11
  9986 | D:12     | Paralysed by a hornet for 2 turns
 10029 | D:12     | Got a steaming trident
 10030 | D:12     | Identified the +2 trident of Jaschy Zeusa {pierce, rN+
                  | Int-2 Stlth+} (You found it on level 12 of the Dungeon)
 10323 | D:12     | Noticed an eight-headed hydra
 10327 | D:12     | Killed an eight-headed hydra
 10327 | D:12     | Received a gift from Okawaru
 10332 | D:12     | Noticed Tonbert's ghost (journeyman MiBe)
 10334 | D:12     | Found a transporter.
 10657 | D:9      | Noticed Erica
 10679 | D:9      | Killed Erica
 11001 | D:7      | Noticed Menkaure
 11010 | D:7      | Killed Menkaure
 11137 | D:7      | Received a gift from Okawaru
 11184 | D:7      | Got a transparent granite ring
 11371 | D:7      | Reached ****** piety under Okawaru
 11371 | D:7      | Received a gift from Okawaru
 11371 | D:7      | Reached skill level 12 in Throwing
 11750 | D:13     | Noticed a centaur warrior
 11755 | D:13     | Killed a centaur warrior
 11755 | D:13     | Received a gift from Okawaru
 11921 | D:13     | Noticed an entropy weaver
 11924 | D:13     | Noticed a queen ant
 11935 | D:13     | Noticed a two-headed ogre
 11948 | D:13     | Noticed a centaur warrior
 11956 | D:13     | Slain by a centaur warrior

Levels and vault maps discovered:
D:1:      nzn_arrival_water_spiral, layout_loops_cross, st_stairs_10
D:2:      layout_rooms, lemuel_crystal_altar, dk_noncrumbling_2,
          guppyfry_early_orc_mine, uniq_terence, uniq_natasha
D:3:      kennysheep_the_goblin_king, layout_basic, old_standard_altar,
          first_ration, kennysheep_generic_room_4, uniq_crazy_yiuf_cottage
D:4:      layout_loops_corners, grunt_temple_overflow_opulence,
          vehumet_altar_wand_db, chequers_serial_rivers_room_a,
          hangedman_abyss_or_decor_stagger, minmay_misc_feat_rugged
D:5:      layout_loops_ring
D:6:      layout_rooms, minmay_temple_entry_gardened_gates, abandoned_shop
D:7:      minmay_the_grid_triangle_9x9_rhombus_full
          [minmay_the_grid_triangle_9x9_cache,
          minmay_the_grid_triangle_9x9_tough_junction,
          minmay_the_grid_triangle_9x9_subtriangle,
          minmay_the_grid_triangle_9x9_skeleton,
          minmay_the_grid_triangle_9x9_longest,
          minmay_the_grid_triangle_9x9_impossible_snake,
          minmay_the_grid_triangle_9x9_flanged_cone,
          minmay_the_grid_triangle_9x9_prize_top_heavy], layout_layer_cave,
          lemuel_crystal_altar, basic_altar, uniq_menkaure
D:8:      layout_basic, hangedman_ranch [blue_anna_fruit_fields]
D:9:      layout_loops_ring, serial_shops, shop, uniq_erica
D:10:     gammafunk_wand_slinger, layout_loops_ring, david_orc_2,
          grunt_ministairs_14, uniq_snorg, uniq_erolcha, uniq_sonja
D:11:     layout_rooms, lair_entry_dummy, serial_shops, shop, uniq_josephine,
          uniq_grum
D:12:     layout_irregular_city, gammafunk_ghost_hive, minmay_increasing_density
D:13:     layout_loops_ring, zaba_antful_of_joy
Temple:   compressed_dpeg_circular_temple

Skill      XL: |  1  2  3  4  5  6  7  8  9 10 11 12 |
---------------+-------------------------------------+-----
Fighting       | 2 3 4 5 6 7 |  7.9
Dodging        | 2 3 4 5 6 7 |  7.9
Stealth        | 1 2 3 4 |  4.1
Throwing       | 4 5 7 8 9 11 12 | 12.2
Maces & Flails | 1 2 3 4 5 6 7 8 |  8.4

Action                   |  1- 3 |  4- 6 |  7- 9 | 10-12 || total
-------------------------+-------+-------+-------+-------++-------
Melee: Unarmed           |    29 |       |       |       ||    29
       Short sword       |     5 |       |       |       ||     5
       Club              |    31 |       |       |       ||    31
       Whip              |    56 |   152 |       |       ||   208
       Quarterstaff      |       |    41 |   256 |   528 ||   825
Throw: Large rock        |     2 |     2 |    10 |    46 ||    60
       Dart              |    10 |    81 |    63 |    75 ||   229
       Throwing net      |       |       |     1 |       ||     1
Invok: Heroism           |       |       |       |    10 ||    10
  Use: Scroll            |       |       |    11 |     6 ||    17
       Potion            |       |       |     4 |     1 ||     5
 Stab: Sleeping          |     1 |     2 |     3 |    10 ||    16
       Paralysed         |       |       |     1 |     3 ||     4
       Confused          |       |       |     1 |     1 ||     2
       Invisible         |       |       |       |     2 ||     2
       Distracted        |       |       |       |     1 ||     1
       Petrifying        |       |       |       |     1 ||     1
  Eat: Chunk             |    13 |    21 |    35 |    48 ||   117
Armor: Robe              |    57 |    88 |   143 |    26 ||   314
       Troll leather arm |       |       |       |   204 ||   204
Dodge: Dodged            |    56 |   145 |   195 |   452 ||   848

Table legend:
 A = Non-vault XP
 B = Vault XP
 C = Vault XP percentage of total XP
 D = Non-vault monster count
 E = Vault monster count
 F = Vault count percentage of total count
                 A         B        C        D         E       F
            +---------+---------+-------+---------+---------+-------
      Total |   18258 |   13889 |  43.2 |     257 |      85 |  24.9
            +---------+---------+-------+---------+---------+-------
        D:1 |      28 |       3 |   9.7 |      16 |       2 |  11.1
        D:2 |     118 |      92 |  43.8 |      16 |       9 |  36.0
        D:3 |      81 |      56 |  40.9 |      22 |       9 |  29.0
        D:4 |     347 |       2 |   0.6 |      16 |       1 |   5.9
        D:5 |     571 |       0 |   0.0 |      17 |       0 |   0.0
        D:6 |     618 |       0 |   0.0 |      13 |       0 |   0.0
        D:7 |    1299 |    4494 |  77.6 |      28 |      25 |  47.2
        D:8 |     499 |    2178 |  81.4 |      19 |       8 |  29.6
        D:9 |    1895 |     923 |  32.8 |      17 |       1 |   5.6
       D:10 |    3719 |    3239 |  46.6 |      31 |      17 |  35.4
       D:11 |    3314 |    1891 |  36.3 |      27 |       6 |  18.2
       D:12 |    3694 |     911 |  19.8 |      22 |       4 |  15.4
       D:13 |    2075 |     100 |   4.6 |      13 |       3 |  18.8
            +---------+---------+-------+---------+---------+-------
